 Dungeon Crawl Stone Soup version 0.20.1-1-g8b1a95d (webtiles) character file.

95 mopl the Protected (level 4, 0/34 HPs)
             Began as a Formicid Wanderer on Oct 2, 2017.
             Slain by Crazy Yiuf
             ... wielding a +2 quarterstaff of chaos
              (12 damage)
             ... on level 3 of the Dungeon.
             The game lasted 00:03:10 (1722 turns).

mopl the Protected (Formicid Wanderer)              Turns: 1722, Time: 00:03:11

Health: 0/34       AC: 10    Str: 17    XL:     4   Next: 97%
Magic:  4/4        EV:  9    Int: 11    God:
Gold:   161        SH:  0    Dex: 11    Spells: 3/3 levels left

rFire    . . .     SeeInvis +   k - +0 hand axe
rCold    . . .     Gourm    .   (no shield)
rNeg     . . .     Faith    .   a - +2 scale mail
rPois    +         Spirit   .   (helmet unavailable)
rElec    .         Reflect  .   (no cloak)
rCorr    .         Harm     .   (no gloves)
MR       .....                  (no boots)
Stlth    ..........             e - amulet of regeneration
Regen    0.6/turn               B - ring of poison resistance
MPRegen  0.1/turn               (no ring)

@: lethally poisoned (0 -> 0), drained
A: permanent stasis, dig shafts and tunnels, four strong arms, antennae 3
a: Dig, Shaft Self


You were on level 3 of the Dungeon.
You were full.

You visited 1 branch of the dungeon, and saw 3 of its levels.

You collected 161 gold pieces.

Inventory:

Hand Weapons
 b - a +0 mace
 k - a +0 hand axe (weapon)
 t - a +0 blowgun
Missiles
 i - 22 poisoned needles
 o - 2 throwing nets (quivered)
 w - 4 tomahawks
 x - 4 javelins
Armour
 a - a +2 scale mail (worn)
Jewellery
 e - an amulet of regeneration (around neck)
 f - an uncursed ring of fire
 n - an uncursed amulet of the gourmand
 B - a ring of poison resistance (left hand)
Wands
 y - a wand of iceblast (9/15)
Scrolls
 g - a scroll of identify {unknown}
 h - a scroll of amnesia {unknown}
 j - 2 scrolls of magic mapping {unknown}
 l - a scroll of blinking {unknown}
 q - a scroll of immolation {unknown}
 r - a scroll of enchant armour {unknown}
 v - 2 scrolls of remove curse {unknown}
 A - a scroll of enchant weapon {unknown}
Potions
 c - 3 potions of curing
 s - a potion of lignification {unknown}
 u - a potion of brilliance {unknown}
 z - a potion of experience {unknown}
Comestibles
 d - 3 bread rations
 m - 2 royal jellies
 p - 2 meat rations
 C - a chunk of flesh


   Skills:
 + Level 2.4(2.2) Fighting
 * Level 2.5(2.3) Axes
 - Level 9.0(8.8) Armour
 - Level 1.2(1.0) Stealth
   Level 1.2(1.0) Shields


You had 3 spell levels left.
You didn't know any spells.

Dungeon Overview and Level Annotations

Branches:
Dungeon (3/15)

Altars:

Annotations:
D:3 Crazy Yiuf


Innate Abilities, Weirdness & Mutations

You cannot be hasted, slowed, berserked, paralysed or teleported.
You can dig through walls and to a lower floor.
Your four strong arms can wield two-handed weapons with a shield.
You have a pair of large antennae on your head. (SInv)


Message History

Crazy Yiuf hits you but does no damage.
You closely miss Crazy Yiuf.
Crazy Yiuf is lightly wounded.
Crazy Yiuf hits you but does no damage.
You are electrocuted!
Ouch! That really hurt!
You hit Crazy Yiuf but do no damage.
Crazy Yiuf is lightly wounded.
Crazy Yiuf hits you with a quarterstaff of chaos.
You are poisoned.
You completely miss Crazy Yiuf.
Crazy Yiuf is lightly wounded.
You feel sick. Crazy Yiuf hits you but does no damage.
You feel drained.
You hit Crazy Yiuf.
Crazy Yiuf is moderately wounded.
You feel sick. Crazy Yiuf hits you but does no damage.
Crazy Yiuf hits you with a quarterstaff of chaos.
You hit Crazy Yiuf.
Crazy Yiuf is moderately wounded.
Crazy Yiuf hits you with a quarterstaff of chaos!
You die...

#..............##.......#..#
#.....###########[........##
#.....# #........... #.....#
##### #.##........ #######
#)..# #.....###... #...#
#..######... .). #..# ##....
#g# ##.####..#.. #@##
#.......##.. ##.#
#........... #)##
#.......#... ##)#
#.....###... ##)## #.....#
##.. ##..)# #.....# ##.
#....# #.....# ## #....#
#.....# ..####....###.....#


You could see Crazy Yiuf.

Vanquished Creatures
  A gnoll (D:1)
  2 adders (D:2)
  2 worms
  3 dart slugs
  2 leopard geckos
  2 orcs (D:3)
  A ball python (D:3)
  2 giant cockroaches (D:2)
  9 goblins
  6 hobgoblins
  5 kobolds
  2 quokkas (D:3)
  5 bats
  2 frilled lizards
  6 rats
50 creatures vanquished.

Notes
Turn   | Place    | Note
-------+----------+-------------------------------------------
     0 | D:1      | mopl the Formicid Wanderer began the quest for the Orb.
     0 | D:1      | mopl set off with: a +2 scale mail, a +0 mace, a potion of curing, a bread ration
     0 | D:1      | Reached XP level 1. HP: 13/13 MP: 1/1
    92 | D:1      | Reached skill level 1 in Fighting
   108 | D:1      | Reached XP level 2. HP: 21/21 MP: 2/2
   221 | D:1      | Reached skill level 9 in Armour
   221 | D:1      | Reached XP level 3. HP: 20/27 MP: 3/3
   672 | D:2      | Reached skill level 1 in Axes
   720 | D:2      | Reached skill level 2 in Fighting
   720 | D:2      | Reached XP level 4. HP: 24/33 MP: 4/4
   944 | D:2      | Reached skill level 2 in Axes
  1709 | D:3      | Found a runed door.
  1713 | D:3      | Noticed Crazy Yiuf
  1722 | D:3      | Slain by Crazy Yiuf

Skill      XL: |  1  2  3  4 |
---------------+-------------+-----
Fighting       | 1 2 |  2.4
Armour         | 9 |  9.0
Axes           | 1 2 |  2.5
Stealth        | |  1.2
Shields        | |  1.2

Action                   |  1- 3 |  4- 6 || total
-------------------------+-------+-------++-------
Melee: Mace              |    56 |       ||    56
       Hand axe          |    71 |   128 ||   199
  Eat: Chunk             |     4 |     6 ||    10
Armor: Scale mail        |    80 |    78 ||   158
Dodge: Dodged            |    63 |    74 ||   137
